 Dungeon Crawl Stone Soup version 0.30-a0-711-gf4ac18a38d (webtiles) character file.

Game seed: 13874453629283572627

219883 OTABOTABOTAB the Devastator (level 18, 0/110 HPs)
             Began as a Deep Elf Conjurer on Jan 22, 2023.
             Was the Champion of Vehumet.
             Succumbed to a redback's poison
             ... on level 3 of the Lair of Beasts on Jan 23, 2023.
             The game lasted 01:30:10 (41069 turns).

OTABOTABOTAB the Devastator (Deep Elf Conjurer)    Turns: 41069, Time: 01:30:10

Health: 0/110      AC: 16    Str:  4    XL:     18   Next: 46%
Magic:  34/54      EV: 19    Int: 43    God:    Vehumet [******]
Gold:   4089       SH:  0    Dex: 13    Spells: 1/57 levels left

rFire   . . .      SeeInvis .    b - staff of conjuration
rCold   + + .      Faith    .    (no shield)
rNeg    . . .      Spirit   .    i - +2 robe {rC+}
rPois   .          Reflect  .    A - +3 hat of Pondering {ponderous, Will+ MP+10 Int+5}
rElec   .          Harm     .    F - +2 cloak
rCorr   +          Rampage  .    K - +2 pair of gloves
Will    ++...                    f - +2 pair of boots of the Flying Gods {rC+ rCorr}
Stlth   +                        z - amulet of magic regeneration
HPRegen 0.38/turn                Z - ring of wizardry {Wiz+, !d}
MPRegen 0.74/turn                g - +6 ring of intelligence

@: lethally poisoned (0 -> -29), spiked, contaminated, glowing, slow
A: no striking features
}: 1/15 runes: decaying
a: Renounce Religion


You were on level 3 of the Lair of Beasts.
You worshipped Vehumet.
Vehumet was exalted by your worship.
You visited 6 branches of the dungeon, and saw 30 of its levels.
You also visited: Ice Cave.

You collected 4323 gold pieces.
You spent 234 gold pieces at shops.

Inventory:

Hand Weapons
 c - the +8 lajatang of Ravage {heavy, MP+9 SInv}
   (You found it on level 4 of the Swamp)

   MP:        It affects your magic capacity (+9).
   SInv:      It lets you see invisible.
Armour
 f - the +2 pair of boots of the Flying Gods (worn) {rC+ rCorr}
   (You acquired it on level 5 of the Dungeon)

   rC:        It protects you from cold.
   rCorr:     It protects you from acid and corrosion.
 i - a +2 robe of cold resistance (worn)
   (You took it off Fannar on level 3 of the Lair of Beasts)
 A - the +3 hat of Pondering (worn) {ponderous, Will+ MP+10 Int+5}
   (You took it off Gastronok on level 1 of the Orcish Mines)

   Int:       It affects your intelligence (+5).
   MP:        It affects your magic capacity (+10).
   Will:      It increases your willpower.
 F - a +2 cloak (worn)
   (You found it on level 2 of the Lair of Beasts)
 K - a +2 pair of gloves (worn)
   (You found it on level 8 of the Dungeon)
Magical Staves
 b - a staff of conjuration (weapon)
   (You acquired it on level 4 of the Lair of Beasts)
Jewellery
 g - a +6 ring of intelligence (right hand)
   (You found it on level 12 of the Dungeon)
 z - an amulet of magic regeneration (around neck)
   (You found it on level 5 of the Lair of Beasts)
 Z - a ring of wizardry (left hand) {Wiz+, !d}
   (You found it on level 2 of the Lair of Beasts)
Wands
 d - a wand of digging (14)
   (You found it on level 11 of the Dungeon)
 j - a wand of polymorph (15)
   (You found it on level 11 of the Dungeon)
 k - a wand of roots (26)
   (You found it on level 1 of the Lair of Beasts)
 p - a wand of paralysis (24)
   (You found it on level 7 of the Dungeon)
 q - a wand of flame (34)
   (You found it on level 11 of the Dungeon)
 s - a wand of light (5)
   (You took it off a spriggan on level 5 of the Lair of Beasts)
 y - a wand of mindburst (12)
   (You found it on level 1 of the Lair of Beasts)
Scrolls
 a - a scroll of fog
 e - 3 scrolls of brand weapon
 n - 3 scrolls of amnesia
 o - 5 scrolls of enchant weapon
 r - 9 scrolls of identify {@r1}
 w - 2 scrolls of enchant armour
 E - 6 scrolls of fear
 O - 3 scrolls of silence
 X - 3 scrolls of magic mapping {@r4!r}
 Y - 13 scrolls of teleportation {@r3}
Potions
 x - 4 potions of attraction {!q}
 B - 2 potions of brilliance
 C - 3 potions of cancellation
 G - 6 potions of ambrosia {!q}
 H - 5 potions of haste
 I - 3 potions of invisibility
 J - 21 potions of curing {@q1}
 L - 8 potions of flight
 M - 6 potions of might
 N - 14 potions of heal wounds {@q2}
 P - 2 potions of lignification {!q}
 R - a potion of resistance
 T - 2 potions of berserk rage {!q}
 U - 7 potions of mutation {!q}
Miscellaneous
 l - a condenser vane
   (You found it on level 9 of the Dungeon)
 m - a phantom mirror
   (You found it on level 3 of the Elven Halls)
 v - a lightning rod (4/4)
   (You found it on level 1 of the Lair of Beasts)


   Skills:
 - Level 11.1 Fighting
 - Level 15.6 Dodging
 - Level 2.4 Stealth
 - Level 20.0 Spellcasting
 + Level 20.7 Conjurations
 - Level 5.0 Hexes
 - Level 5.0 Translocations
 + Level 11.2 Fire Magic
 * Level 10.0 Ice Magic
 - Level 5.0 Air Magic
 + Level 5.9 Earth Magic


You had one spell level left.
You knew the following spells:

 Your Spells              Type           Power      Damage    Failure   Level
a - Magic Dart            Conj           100%       1d8       0%          1
b - Lehudib's Crystal Sp  Conj/Erth      62%        10d14     1%          8
c - Polar Vortex          Ice            46%        N/A       58%         9
d - Freezing Cloud        Conj/Ice/Air   60%        6-21      1%          5
e - Orb of Destruction    Conj           73%        9d17      1%          7
f - Fireball              Conj/Fire      67%        3d25      0%          5
g - Ignition              Fire           48%        3d14      4%          8
h - Fire Storm            Conj/Fire      67%        8d17      9%          9
x - Iskenderun's Mystic   Conj/Tloc      100%       2d19      1%          4

Your spell library contained the following spells:

 Spells                   Type           Power      Damage    Failure   Level
 Chain Lightning          Conj/Air       62%        3d82      26%         9
 Foxfire                  Conj/Fire      100%       2x1d9     0%          1
 Beastly Appendage        Tmut           86%        N/A       1%          1
 Slow                     Hex            100%       N/A       1%          1
 Summon Small Mammal      Summ           100%       N/A       1%          1
 Searing Ray              Conj           100%       2d8       0%          2
 Dazzling Flash           Conj/Hex       100%       N/A       0%          3
 Iskenderun's Battlesphe  Conj           100%       2d15      0%          5
 Ensorcelled Hibernation  Hex/Ice        100%       N/A       1%          2
 Passwall                 Tmut/Erth      51%        N/A       1%          2
 Wereblood                Tmut           43%        N/A       1%          2
 Call Canine Familiar     Summ           43%        N/A       1%          3
 Confusing Touch          Hex            72%        N/A       1%          3
 Ignite Poison            Fire/Tmut/Pois 66%        N/A       1%          3
 Kindle Blastsparks       Fire/Tloc/Air  100%       2d18      1%          3
 Spider Form              Tmut/Pois      43%        N/A       1%          3
 Summon Guardian Golem    Hex/Summ       59%        N/A       1%          3
 Swiftness                Air            72%        N/A       1%          3
 Vampiric Draining        Necr           43%        2d9       1%          3
 Cause Fear               Hex            36%        N/A       1%          4
 Fulminant Prism          Conj/Hex       62%        3d26      1%          4
 Leda's Liquefaction      Hex/Erth       37%        N/A       1%          4
 Summon Ice Beast         Ice/Summ       72%        N/A       1%          4
 Irradiate                Conj/Tmut      57%        3d30      1%          5
 Lee's Rapid Deconstruct  Erth           38%        3d19*     1%          5
 Summon Mana Viper        Hex/Summ       59%        N/A       1%          5
 Conjure Ball Lightning   Conj/Air       62%        3x3d22    1%          6
 Starburst                Conj/Fire      67%        6d17      1%          6
 Simulacrum               Ice/Necr       36%        N/A       4%          6
 Blade Hands              Tmut           21%        N/A       6%          5
 Statue Form              Tmut/Erth      41%        N/A       10%         6
 Dragon Form              Tmut           21%        N/A       83%         7
 Monstrous Menagerie      Summ           21%        N/A       83%         7
 Discord                  Hex            36%        N/A       83%         8
 Disjunction              Tloc           36%        N/A       83%         8
 Dragon's Call            Summ           21%        N/A       100%        9


Dungeon Overview and Level Annotations

Branches:
Dungeon (15/15)            Temple (0/1) D:6            Lair (5/5) D:10
  Swamp (4/4) Lair:2       Spider (1/4) Lair:3        Slime (0/5) Lair:5
    Orc (2/2) D:12            Elf (3/3) Orc:2        Vaults (0/5) D:14
 Depths (0/4) D:15          IceCv (visited)

Altars:
Gozag
Makhleb
Sif Muna
Vehumet
Xom
The Shining One
Jiyva

Shops:
D:5 *   D:9 *   D:11 (   Orc:2 [(([   Elf:1 ([*

Portals:
Abyss: Lair:3

Annotations:
D:4 1 runed translucent door, TheFool's ghost, weakling MiBe
D:5 2 runed translucent doors
D:11 2 transporters, purpskrrrp's ghost, journeyman DEHu
D:12 3 runed translucent doors, jejorda2's ghost, journeyman MfBe
Lair:3 2 transporters, Ustreg's ghost, adept DsGl
Lair:5 1 runed translucent door
Swamp:3 3 runed translucent doors, exclusion: simulacrum, Kacaoki's ghost, adept MiBe
Elf:1 3 runed translucent doors, Opizon's ghost, journeyman TrFi


Message History

You feel your power returning.
A freezing mist starts to gather...
A wolf spider simulacrum comes into view.
The sentinel's mark upon you fades away.
You now have 6/54 mp.
You don't have enough magic to cast this spell.
You climb upwards.
Welcome back to the Lair of Beasts!
Level annotation: 2 transporters, Ustreg's ghost, adept DsGl
There is a hole to the Spider Nest here.
You start resting.
MP restored: 54 You climb downwards.
Welcome back to the Spider Nest!
This branch contains the gossamer rune of Zot.
The demonic crawler completely misses you.
The demonic crawler barely misses you. The demonic crawler closely misses you.
The radroach bites you but does no damage.
The radroach claws you but does no damage.
The demonic crawler hits you.
The demonic crawler completely misses you.
The demonic crawler hits you! The radroach closely misses you.
The radroach barely misses you.
There is a crawl-hole back to the Lair, spattered with blood here.
You take 14 damage, and have 96/110 hp.
The air bursts into flame!
The fireball engulfs the steelbarb worm!
The steelbarb worm resists.
The fireball engulfs the demonic crawler!!
The fireball engulfs the wolf spider!!
The fireball engulfs the radroach!
You hear a faint skittering sound. x2
The demonic crawler hits you but does no damage.
The demonic crawler hits you! The demonic crawler barely misses you.
The radroach erupts in a fountain of uncontrolled magic!
You are blasted with magical radiation!
You are very lightly contaminated with residual magic.
You take 23 damage, and have 73/110 hp.
MASSIVE DAMAGE!!
You now have 47/54 mp.
The air bursts into flame!
The fireball engulfs the steelbarb worm!
The steelbarb worm resists.
The fireball engulfs the demonic crawler!
The fireball engulfs the wolf spider!!
You kill the wolf spider!
Vehumet accepts your kill.
You feel your power returning.
The fireball engulfs the radroach!
The fireball engulfs the demonic crawler!!
The fireball engulfs the steelbarb worm.
The steelbarb worm resists.
The steelbarb worm misses you. The demonic crawler hits you!
The demonic crawler completely misses you.
The demonic crawler closely misses you.
A redback comes into view.
The steelbarb worm hits you!
Barbed spikes become lodged in your body.
The radroach erupts in a fountain of uncontrolled magic!
You are blasted with magical radiation!!
* * * LOW HITPOINT WARNING * * *
You are contaminated with residual magic.
You take 54 damage, and have 19/110 hp.
MASSIVE DAMAGE!!
You now have 42/54 mp.
You feel a surge of power!
You erupt in a blast of force!
The mystic blast hits the steelbarb worm!
The mystic blast hits the demonic crawler!!
You kill the demonic crawler!
Vehumet accepts your kill.
The mystic blast hits the radroach!!
The radroach is knocked back by the mystic blast.
The steelbarb worm hits you.
* * * LOW HITPOINT WARNING * * *
Barbed spikes become lodged in your body.
You take 4 damage, and have 15/110 hp.
You now have 38/54 mp.
You feel a surge of power!
You erupt in a blast of force!
The mystic blast hits the redback!!
The redback is knocked back by the mystic blast.
The mystic blast hits the radroach.
The radroach is knocked back by the mystic blast.
The radroach slams into the rock wall!
The mystic blast hits the steelbarb worm!!
You hear a faint skittering sound. x2; You hear a skittering sound.
You hear a faint skittering sound.
The steelbarb worm barely misses you.
You now have 35/54 mp.
You feel a surge of power!
You erupt in a blast of force!
The mystic blast hits the redback!
The mystic blast hits the radroach!
The mystic blast hits the steelbarb worm!!
You kill the steelbarb worm!
Vehumet accepts your kill.
You hear a faint skittering sound.
Your Ice Magic skill increases to level 10!
You now have 32/54 mp.
The barbs in your skin will harm you if you move.
Continue?
The redback bites you.
* * * LOW HITPOINT WARNING * * *
You are lethally poisoned!
The redback poisons you!
The barbed spikes dig painfully into your body as you move.
* * * LOW HITPOINT WARNING * * *
You climb upwards.
Welcome back to the Lair of Beasts!
Level annotation: 2 transporters, Ustreg's ghost, adept DsGl You die...

..........[## ###..#.#
....#.##.#.### ##.###
.....###...#.######...#
...### ###........^...#
...######...[....^..^.##
.......##.......^.^^^..#
......P##.....^...^.[^.#
......P###..^...^^^..^.##
.###...###...^^.@..^.^..##
##^#........^^^.^.^.^....#
...#.....##^.^......^..#.#
#.##....###.....^^^^....##
#.#......##.^.^^^...^...##
.##...#..##.....^.^......#
##......#.#.#.###.....#.##
#........###......###..##
#.....P........#.###...#


There were no monsters in sight!

Vanquished Creatures
  A deep elf blademaster (Elf:3)
  2 deep elf master archers (Elf:3)
  Gastronok (Orc:1)
  Kirke (D:14)
  Roxanne (Swamp:1)
  A fenstrider witch (Swamp:2)
  Louise (D:14)
  6 deep elf sorcerers (Elf:3)
  2 deep elf elementalists (Elf:3)
  An orc warlord (Orc:2)
  A very ugly thing (IceCv)
  A broodmother (Spider:1)
  7 deep elf demonologists (Elf:3)
  7 deep elf annihilators
  Nessos (Lair:4)
  2 eleionomae
  3 bunyips
  An ettin (Orc:1)
  A spark wasp (Spider:1)
  2 deep elf death magi (Elf:3)
  7 deep elf high priests
  5 fire dragons
  Josephine (Lair:3)
  Fannar (Lair:3)
  A vault guard (D:14)
  15 hydras
  2 ogre magi
  2 ghost crabs
  A jorogumo (Spider:1)
  A caustic shrike simulacrum (IceCv)
  Erica (D:10)
  3 boulder beetles
  22 dancing weapons
  A spriggan air mage (Swamp:1)
  4 centaur warriors
  A tengu warrior (D:15)
  6 alligators
  11 two-headed ogres
  Urug (D:12)
  5 death yaks (Lair:5)
  3 spriggan berserkers
  2 orc high priests
  14 deep elf knights
  2 goliath frogs
  2 fire crabs
  A pharaoh ant (Spider:1)
  4 spriggan druids
  13 swamp dragons
  3 wizards (D:14)
  An orb spider (Spider:1)
  5 deep elf archers
  3 spriggan simulacra (Elf:2)
  A steelbarb worm (Spider:1)
  7 bog bodies
  A necromancer (D:14)
  4 lindwurms
  4 orc knights (Orc:2)
  4 wolf spiders (Spider:1)
  23 deep elf pyromancers
  25 deep elf zephyrmancers
  9 cyclopes
  16 ugly things
  5 orc sorcerers (Orc:1)
  2 will-o-the-wisps
  5 elephants (Lair:5)
  A manticore (D:11)
  A moth of wrath (Spider:1)
  A demonic crawler (Spider:1)
  4 black mambas
  2 unseen horrors
  Joseph (D:10)
  Maggie (D:10)
  9 rime drakes
  5 cane toads
  2 gargoyles
  A cane toad (shapeshifter) (Elf:1)
  A kobold demonologist (D:12)
  2 efreet
  A tengu conjurer (D:15)
  8 komodo dragons
  A freezing wraith (D:15)
  5 trolls
  4 bloated husks
  3 meliai (shapeshifter)
  11 polar bears
  A wolf spider simulacrum (D:14)
  12 hornets
  5 tarantellas (Spider:1)
  A tarantella (shapeshifter) (Elf:3)
  14 blink frogs
  A raiju (shapeshifter) (Elf:3)
  8 tyrant leeches
  8 dream sheep (Lair:5)
  4 jumping spiders (Spider:1)
  5 air elementals
  2 culicivoras (Spider:1)
  3 wyverns
  19 slime creatures
  6 water elementals
  7 wraiths
  A culicivora (shapeshifter) (Elf:1)
  A vampire (D:11)
  24 yaks
  28 spriggans
  5 basilisks
  A dire elephant simulacrum (IceCv)
  3 hogs (D:14)
  20 humans (D:14)
  A minotaur simulacrum (Elf:2)
  13 redbacks (Spider:1)
  A fire elemental (Elf:1)
  10 steam dragons
  10 vampire mosquitoes
  A harpy simulacrum (Elf:2)
  6 wargs
  17 swamp worms
  11 water moccasins
  4 acid dragons
  10 swamp drakes
  A water moccasin (shapeshifter) (Elf:1)
  3 hydra simulacra (IceCv)
  43 orc warriors
  4 ice beasts
  4 black bears
  12 ogres
  2 ettin simulacra (IceCv)
  38 wolves
  4 boggarts (Lair:5)
  14 centaurs
  4 phantoms
  9 kobold brigands
  3 necrophages
  14 bullfrogs
  3 gnoll sergeants
  3 deep troll simulacra (Elf:2)
  2 earth elementals
  6 scorpions
  4 wights
  A hornet simulacrum (D:14)
  23 killer bees
  A lindwurm simulacrum (IceCv)
  4 howler monkeys
  3 electric eels
  13 orc priests
  3 jellies
  3 iguanas
  7 hell rats
  21 orc wizards
  11 adders
  22 gnolls
  4 white imps
  2 ufetubi (D:14)
  A worm (D:4)
  3 dart slugs
  81 orcs
  6 ball pythons
  2 endoplasms
  3 giant cockroaches
  8 goblins
  10 hobgoblins
  2 jackals
  3 quokkas
  6 bats
  2 frilled lizards (D:1)
  27 kobolds
  4 rats
  A bush (Lair:2)
1070 creatures vanquished.

Vanquished Creatures (others)
  An alligator (Swamp:3)
  A deep elf archer (Elf:3)
  A tyrant leech (Swamp:4)
  4 humans (D:14)
  3 bats (Lair:4)
  4 foxfires (Lair:2)
  62 fulminant prisms
  39 fungi
  66 plants
  2 withered plants (D:4)
183 creatures vanquished.

Grand Total: 1253 creatures vanquished

Notes
Turn   | Place    | Note
-------+----------+-------------------------------------------
     0 | D:1      | OTABOTABOTAB the Deep Elf Conjurer began the quest for the
                  | Orb.
     0 | D:1      | Reached XP level 1. HP: 10/10 MP: 6/6
   253 | D:1      | Reached XP level 2. HP: 15/15 MP: 6/8
   413 | D:1      | Learned a level 2 spell: Searing Ray
   486 | D:1      | Found a faded altar of an unknown god.
   646 | D:1      | Reached skill level 5 in Conjurations
  1170 | D:2      | Reached XP level 3. HP: 19/19 MP: 7/10
  1464 | D:2      | Found a radiant altar of Vehumet.
  1481 | D:2      | Became a worshipper of Vehumet
  1861 | D:2      | Reached skill level 4 in Spellcasting
  2254 | D:3      | Reached XP level 4. HP: 24/24 MP: 8/12
  2259 | D:3      | Learned a level 4 spell: Fulminant Prism
  2264 | D:3      | Learned a level 4 spell: Iskenderun's Mystic Blast
  2481 | D:3      | Noticed a scorpion
  2487 | D:3      | Killed a scorpion
  2488 | D:3      | Reached skill level 6 in Conjurations
  2488 | D:3      | Reached skill level 1 in Hexes
  2488 | D:3      | Reached skill level 1 in Translocations
  3050 | D:4      | Reached XP level 5. HP: 28/28 MP: 8/13
  3404 | D:4      | Found a runed translucent door.
  3404 | D:4      | Noticed TheFool's ghost (weakling MiBe)
  3446 | D:4      | Reached * piety under Vehumet
  3446 | D:4      | Offered knowledge of Sandblast by Vehumet.
  3632 | D:4      | You fall into a shaft and drop 1 floor!
  3632 | D:5      | Entered Level 5 of the Dungeon
  3743 | D:4      | Reached skill level 2 in Hexes
  3744 | D:4      | Reached skill level 5 in Spellcasting
  3744 | D:4      | Reached skill level 2 in Translocations
  3744 | D:4      | Reached XP level 6. HP: 25/32 MP: 6/15
  4107 | D:5      | Reached skill level 7 in Conjurations
  4107 | D:5      | Reached skill level 3 in Hexes
  4273 | D:5      | Reached XP level 7. HP: 36/36 MP: 10/17
  4339 | D:5      | Reached skill level 3 in Translocations
  4552 | D:5      | Found Givi's Assorted Antiques.
  4579 | D:5      | Bought a scroll of amnesia for 84 gold pieces
  4579 | D:5      | Bought a scroll of identify for 42 gold pieces
  4579 | D:5      | Bought a scroll labelled PAETYC HUIXEMEAX for 21 gold
                  | pieces
  4579 | D:5      | Bought a scroll labelled CIMINW VEXTIC for 21 gold pieces
  4604 | D:5      | Found a large runed translucent door.
  4604 | D:5      | Found a large runed translucent door.
  4609 | D:5      | Noticed a troll
  4622 | D:5      | Reached skill level 6 in Spellcasting
  4622 | D:5      | Reached skill level 4 in Hexes
  4685 | D:5      | Found a large runed translucent door.
  4685 | D:5      | Found a large runed translucent door.
  5058 | D:5      | Noticed a two-headed ogre
  5071 | D:5      | Killed a two-headed ogre
  5072 | D:5      | Reached skill level 7 in Spellcasting
  5072 | D:5      | Reached skill level 8 in Conjurations
  5072 | D:5      | Reached skill level 5 in Hexes
  5072 | D:5      | Reached skill level 4 in Translocations
  5072 | D:5      | Reached XP level 8. HP: 41/41 MP: 5/20
  5209 | D:5      | Reached skill level 9 in Conjurations
  5388 | D:5      | Killed a troll
  5388 | D:5      | HP: 5/41 [spore (29)]
  5389 | D:5      | Reached skill level 5 in Translocations
  5540 | D:5      | Identified a scroll of acquirement
  5540 | D:5      | Acquired the +2 pair of boots of the Flying Gods {rC+
                  | rCorr}
  5585 | D:6      | Reached skill level 8 in Spellcasting
  5640 | D:6      | Reached skill level 10 in Conjurations
  5640 | D:6      | Reached XP level 9. HP: 45/45 MP: 16/23
  6030 | D:6      | Found a staircase to the Ecumenical Temple.
  6053 | D:6      | Reached ** piety under Vehumet
  6208 | D:6      | Offered knowledge of Freeze by Vehumet.
  6426 | D:6      | Reached skill level 9 in Spellcasting
  6436 | D:6      | Reached skill level 11 in Conjurations
  7359 | D:7      | HP: 5/45 [something/ball of steam (27)]
  7560 | D:7      | Found a shimmering altar of Xom.
  7593 | D:7      | Offered knowledge of Poisonous Vapours by Vehumet.
  7966 | D:7      | Found an opulent altar of Gozag.
  7973 | D:7      | Learned a level 5 spell: Freezing Cloud
  8071 | D:8      | Reached skill level 10 in Spellcasting
  8071 | D:8      | Reached skill level 12 in Conjurations
  8229 | D:8      | Reached skill level 1 in Ice Magic
  8229 | D:8      | Reached skill level 1 in Air Magic
  8333 | D:8      | Reached XP level 10. HP: 50/50 MP: 6/26
  8347 | D:8      | Reached *** piety under Vehumet
  8353 | D:8      | Reached skill level 2 in Ice Magic
  8353 | D:8      | Reached skill level 2 in Air Magic
  9781 | D:9      | Reached skill level 3 in Ice Magic
  9895 | D:9      | Found Ubbick's Neck Hole.
 10069 | D:9      | Reached skill level 3 in Air Magic
 10144 | D:9      | Reached skill level 13 in Conjurations
 10177 | D:9      | Offered knowledge of Inner Flame by Vehumet.
 10260 | D:9      | Reached skill level 11 in Spellcasting
 11059 | D:10     | Entered Level 10 of the Dungeon
 11089 | D:10     | Reached skill level 4 in Ice Magic
 11249 | D:10     | Noticed Joseph
 11265 | D:10     | Killed Joseph
 11266 | D:10     | Reached skill level 4 in Air Magic
 11573 | D:10     | Found a glowing golden altar of the Shining One.
 11606 | D:10     | Noticed Maggie
 11623 | D:10     | Killed Maggie
 11624 | D:10     | Reached XP level 11. HP: 52/54 MP: 15/28
 11880 | D:10     | Reached **** piety under Vehumet
 12133 | D:10     | Noticed Erica
 12135 | D:10     | Found a staircase to the Lair.
 12324 | D:10     | Killed Erica
 12403 | D:11     | Found Qooggi Zetoe's Weapon Shoppe.
 12439 | D:11     | Found a transporter.
 12445 | D:11     | Found a transporter.
 12449 | D:11     | Noticed purpskrrrp's ghost (journeyman DEHu)
 12450 | D:11     | Noticed an ice dragon
 12524 | D:11     | Reached skill level 5 in Ice Magic
 12559 | D:11     | Noticed a two-headed ogre
 12566 | D:11     | Killed a two-headed ogre
 12567 | D:11     | Reached skill level 14 in Conjurations
 12799 | D:11     | Reached skill level 5 in Air Magic
 12925 | D:11     | Found a runed translucent door.
 12988 | D:11     | Noticed a green ugly thing
 13003 | D:11     | Killed a green ugly thing
 13003 | D:11     | Offered knowledge of Mephitic Cloud by Vehumet.
 13004 | D:11     | Reached skill level 12 in Spellcasting
 13538 | D:11     | Found a runed translucent door.
 13541 | D:11     | Noticed a two-headed ogre
 13546 | D:11     | Killed a two-headed ogre
 13554 | D:11     | Noticed a red ugly thing
 13565 | D:11     | Killed a red ugly thing
 13566 | D:11     | Reached skill level 15 in Conjurations
 13725 | D:11     | HP: 8/55 [cyclops/large rock (38)]
 13738 | D:11     | Reached skill level 3 in Dodging
 13903 | D:11     | Noticed a boulder beetle
 13905 | D:11     | Reached skill level 1 in Fighting
 14091 | D:11     | Noticed a red ugly thing
 14095 | D:11     | Killed a red ugly thing
 14096 | D:11     | Reached skill level 13 in Spellcasting
 14194 | D:11     | Noticed a centaur warrior
 14199 | D:11     | Killed a centaur warrior
 14252 | D:11     | Noticed a two-headed ogre
 14272 | D:11     | Killed a two-headed ogre
 14273 | D:11     | Reached skill level 2 in Fighting
 14273 | D:11     | Reached skill level 4 in Dodging
 14273 | D:11     | Reached XP level 12. HP: 62/62 MP: 23/31
 14747 | D:12     | Reached skill level 5 in Dodging
 14749 | D:12     | Reached skill level 3 in Fighting
 14854 | D:12     | Noticed a two-headed ogre
 14860 | D:12     | Killed a two-headed ogre
 15035 | D:12     | Found a runed translucent gate.
 15036 | D:12     | Found a runed translucent gate.
 15036 | D:12     | Noticed jejorda2's ghost (journeyman MfBe)
 15037 | D:12     | Found a runed translucent gate.
 15253 | D:12     | Noticed a boulder beetle
 15265 | D:12     | Killed a boulder beetle
 15570 | D:12     | Found a shimmering blue altar of Sif Muna.
 15586 | D:12     | Reached skill level 6 in Dodging
 15700 | D:12     | Reached skill level 14 in Spellcasting
 15953 | D:12     | Noticed Urug
 16055 | D:12     | Killed Urug
 16056 | D:12     | Reached skill level 4 in Fighting
 16166 | D:12     | Found a burning altar of Makhleb.
 16167 | D:12     | Noticed an ogre mage
 16171 | D:12     | Killed an ogre mage
 16172 | D:12     | Reached skill level 16 in Conjurations
 16480 | D:12     | Found a staircase to the Orcish Mines.
 16758 | Orc:1    | Entered Level 1 of the Orcish Mines
 16758 | Orc:1    | Noticed an ettin
 16768 | Orc:1    | Killed an ettin
 16769 | Orc:1    | Reached skill level 7 in Dodging
 16883 | Orc:1    | Noticed an orc high priest
 16888 | Orc:1    | Killed an orc high priest
 17012 | Orc:1    | Reached ***** piety under Vehumet
 17012 | Orc:1    | Offered knowledge of Iskenderun's Battlesphere by Vehumet.
 17019 | Orc:1    | Learned a level 5 spell: Iskenderun's Battlesphere
 17379 | Orc:1    | Noticed a two-headed ogre
 17382 | Orc:1    | Killed a two-headed ogre
 17453 | Orc:1    | Reached XP level 13. HP: 72/72 MP: 11/33
 17679 | Orc:2    | Entered Level 2 of the Orcish Mines
 17896 | Orc:2    | Found a staircase to the Elven Halls.
 18009 | Orc:2    | Reached skill level 5 in Fighting
 18298 | Orc:1    | Noticed an orc warlord
 18544 | Orc:2    | Reached skill level 8 in Dodging
 18835 | Orc:2    | Reached skill level 15 in Spellcasting
 19186 | Orc:2    | Offered knowledge of Irradiate by Vehumet.
 19522 | Orc:2    | Found Luluczaffe's Weapon Boutique.
 19522 | Orc:2    | Found Zufa's Antique Weapon Shoppe.
 19522 | Orc:2    | Found Teuwny Rimno's Antique Armour Emporium.
 19525 | Orc:2    | Found Loyrphef's Antique Armour Shop.
 20242 | Orc:2    | Killed an orc warlord
 20425 | Orc:1    | HP: 4/74 [orc priest/divine providence[an orc warlord]
                  | (16)]
 20653 | Orc:1    | Reached skill level 9 in Dodging
 20735 | Orc:1    | Noticed Gastronok
 20756 | Orc:1    | Killed Gastronok
 20757 | Orc:1    | Reached skill level 6 in Fighting
 21102 | Lair:1   | Entered Level 1 of the Lair of Beasts
 21339 | Lair:1   | Reached skill level 17 in Conjurations
 22562 | Lair:2   | Found a staircase to the Swamp.
 22637 | Lair:2   | Reached skill level 16 in Spellcasting
 23576 | Lair:3   | Found a one-way gate to the infinite horrors of the Abyss.
 23576 | Lair:3   | Noticed Ustreg's ghost (adept DsGl)
 23581 | Lair:3   | Found a transporter.
 23581 | Lair:3   | Noticed a white very ugly thing
 23599 | Lair:3   | Reached skill level 10 in Dodging
 23722 | Lair:3   | Found a hole to the Spider Nest.
 23784 | Lair:3   | Noticed Josephine
 23794 | Lair:3   | Killed Josephine
 23795 | Lair:3   | Reached XP level 14. HP: 65/80 MP: 24/36
 23837 | Lair:3   | Offered knowledge of Fireball by Vehumet.
 23844 | Lair:3   | Learned a level 5 spell: Fireball
 23897 | Lair:3   | Found a transporter.
 23939 | Lair:3   | Noticed Fannar
 23944 | Lair:3   | Killed Fannar
 24004 | Lair:3   | Reached skill level 7 in Fighting
 25728 | Lair:4   | Noticed Nessos
 25736 | Lair:4   | Killed Nessos
 25824 | Lair:4   | Acquired a staff of conjuration
 26477 | Lair:5   | Entered Level 5 of the Lair of Beasts
 26668 | Lair:5   | Reached skill level 11 in Dodging
 27114 | Lair:5   | Reached skill level 17 in Spellcasting
 27191 | Lair:5   | Offered knowledge of Orb of Destruction by Vehumet.
 27200 | Lair:5   | Learned a level 7 spell: Orb of Destruction
 27512 | Lair:5   | Reached skill level 8 in Fighting
 27528 | Lair:5   | Reached skill level 18 in Conjurations
 27665 | Lair:5   | Reached skill level 12 in Dodging
 27837 | Lair:5   | Found a runed translucent door.
 27837 | Lair:5   | Found a viscous altar of Jiyva.
 28122 | Lair:5   | Found a staircase to the Slime Pits.
 28122 | Lair:5   | Noticed an azure jelly
 28122 | Lair:5   | Noticed an azure jelly
 28288 | Elf:1    | Entered Level 1 of the Elven Halls
 28360 | Elf:1    | Paralysed by an air elemental for 1 turns
 28362 | Elf:1    | HP: 16/84 [+1 scimitar of freezing (18)]
 28366 | Elf:1    | Reached XP level 15. HP: 18/89 MP: 38/38
 28771 | Elf:1    | Paralysed by an air elemental for 1 turns
 29010 | Elf:1    | Identified the +6 scimitar "Jathrimp" {protect, Contam rF+
                  | Int+3 Dex+3}
 29055 | Elf:1    | Reached skill level 18 in Spellcasting
 29102 | Elf:1    | Found Luejab's Antique Weapon Shop.
 29370 | Elf:1    | Offered knowledge of Lightning Bolt by Vehumet.
 29412 | Elf:1    | Found Okeylapug's Assorted Antiques.
 29412 | Elf:1    | Found Dufesak's Armour Shoppe.
 29420 | Elf:1    | Bought a scroll of identify for 66 gold pieces
 29476 | Elf:1    | Found a runed translucent gate.
 29477 | Elf:1    | Found a runed translucent gate.
 29477 | Elf:1    | Found a runed translucent gate.
 29480 | Elf:1    | Noticed Opizon's ghost (journeyman TrFi)
 29827 | Elf:2    | Reached skill level 9 in Fighting
 29854 | Elf:2    | Reached skill level 13 in Dodging
 29994 | Elf:2    | Found a frozen archway.
 30059 | IceCv    | Entered an ice cave
 30149 | IceCv    | Found a transporter.
 30160 | IceCv    | Found a transporter.
 30270 | Elf:2    | Paralysed by an air elemental for 1 turns
 30612 | Elf:2    | Found a runed translucent gate.
 30613 | Elf:2    | Found a runed translucent gate.
 30613 | Elf:2    | Found a runed translucent gate.
 30914 | Elf:2    | Reached skill level 19 in Conjurations
 30944 | Elf:2    | Offered knowledge of Arcjolt by Vehumet.
 31045 | Elf:2    | Reached skill level 19 in Spellcasting
 31050 | Elf:2    | Reached XP level 16. HP: 74/97 MP: 30/41
 31163 | Elf:2    | Reached skill level 14 in Dodging
 31512 | Elf:3    | Entered Level 3 of the Elven Halls
 31519 | Elf:3    | Reached skill level 10 in Fighting
 31624 | Elf:3    | Noticed a deep elf master archer
 31627 | Elf:3    | Killed a deep elf master archer
 31841 | Elf:3    | Noticed a Brimstone Fiend
 32083 | Elf:3    | Identified the ring "Orruenit" {rC+ rCorr MP+9}
 32290 | Elf:3    | Reached skill level 15 in Dodging
 32475 | Elf:3    | Reached skill level 20 in Spellcasting
 32516 | Elf:3    | Identified the +6 plate armour of the Grape {+Blink rPois}
 32516 | Elf:3    | Noticed a deep elf blademaster
 32520 | Elf:3    | Killed a deep elf blademaster
 32793 | Elf:3    | Noticed a deep elf master archer
 32799 | Elf:3    | Killed a deep elf master archer
 33206 | Elf:3    | Reached skill level 20 in Conjurations
 33207 | Elf:3    | Reached skill level 11 in Fighting
 33286 | Elf:3    | Identified the +8 chain mail "Xunif" {rC+}
 33788 | D:13     | Offered knowledge of Ignition by Vehumet.
 33849 | D:13     | Learned a level 8 spell: Ignition
 33978 | D:13     | Found a gate leading to a gauntlet.
 34214 | D:13     | Reached skill level 1 in Fire Magic
 34282 | D:14     | Reached skill level 2 in Fire Magic
 34282 | D:14     | Reached XP level 17. HP: 104/104 MP: 36/43
 34323 | D:14     | Noticed Louise
 34336 | D:14     | HP: 21/104 [Louise/stone arrow (24)]
 34637 | D:14     | Reached skill level 3 in Fire Magic
 34638 | D:14     | Noticed Kirke
 34641 | D:14     | Killed Kirke
 34706 | D:14     | Reached skill level 4 in Fire Magic
 34780 | D:14     | Reached skill level 5 in Fire Magic
 34864 | D:14     | Killed Louise
 34948 | D:14     | Reached ****** piety under Vehumet
 34949 | D:14     | Reached skill level 6 in Fire Magic
 34962 | D:14     | Reached skill level 7 in Fire Magic
 34963 | D:14     | Offered knowledge of Lehudib's Crystal Spear by Vehumet.
 34963 | D:14     | Offered knowledge of Fire Storm by Vehumet.
 34963 | D:14     | Offered knowledge of Chain Lightning by Vehumet.
 35032 | D:14     | Identified the +1 pair of boots "Punuwnij" {-Cast *Corrode
                  | Will+++ SInv}
 35043 | D:14     | Found a gate to the Vaults.
 35077 | D:14     | Identified the +3 war axe "Leviticus" {vamp, Dex+5}
 35548 | D:15     | Entered Level 15 of the Dungeon
 35621 | D:15     | Reached skill level 8 in Fire Magic
 35748 | D:15     | Reached skill level 9 in Fire Magic
 35811 | D:15     | Found a staircase to the Depths.
 36380 | D:15     | Learned a level 9 spell: Polar Vortex
 36390 | D:15     | Learned a level 9 spell: Fire Storm
 36400 | D:15     | Learned a level 8 spell: Lehudib's Crystal Spear
 36529 | Swamp:1  | Entered Level 1 of the Swamp
 36550 | Swamp:1  | Reached skill level 1 in Earth Magic
 36621 | Swamp:1  | Noticed Roxanne
 36651 | Swamp:1  | Killed Roxanne
 36705 | Swamp:1  | Reached skill level 6 in Ice Magic
 36705 | Swamp:1  | Reached skill level 2 in Earth Magic
 37312 | Swamp:2  | Reached skill level 10 in Fire Magic
 37485 | Swamp:1  | Reached skill level 3 in Earth Magic
 37561 | Swamp:1  | Reached skill level 7 in Ice Magic
 38323 | Swamp:3  | Found a runed translucent gate.
 38323 | Swamp:3  | Found a runed translucent gate.
 38323 | Swamp:3  | Found a runed translucent gate.
 38326 | Swamp:3  | Noticed Kacaoki's ghost (adept MiBe)
 38787 | Swamp:4  | Entered Level 4 of the Swamp
 38790 | Swamp:4  | Reached skill level 4 in Earth Magic
 38795 | Swamp:4  | Reached XP level 18. HP: 110/110 MP: 39/44
 38797 | Swamp:4  | Reached skill level 8 in Ice Magic
 39000 | Swamp:3  | HP: 27/110 [poison (poison gas)]
 39494 | Swamp:4  | Reached skill level 5 in Earth Magic
 39498 | Swamp:4  | Reached skill level 9 in Ice Magic
 39508 | Swamp:3  | HP: 27/110 [poisoned by a swamp dragon (poison gas)]
 39764 | Swamp:3  | HP: 27/110 [poisoned by a swamp dragon (poison gas)]
 40071 | Swamp:4  | Reached skill level 11 in Fire Magic
 40208 | Swamp:4  | Got a decaying rune of Zot
 40278 | Swamp:4  | Identified the +8 lajatang of Ravage {heavy, MP+9 SInv}
 40637 | Spider:1 | Entered Level 1 of the Spider Nest
 41064 | Spider:1 | HP: 19/110 [radroach (35)]
 41068 | Spider:1 | Reached skill level 10 in Ice Magic
 41069 | Spider:1 | HP: 10/110 [barbs]
 41069 | Lair:3   | Succumbed to a redback's poison

Illustrated notes

Levels and vault maps discovered:
D:1:      minmay_arrival_glassed_features, layout_basic,
          shapermc_ecumenical_altar_hornbeckon
D:2:      layout_basic, basic_altar
D:3:      layout_loops_ring
D:4:      layout_basic, gammafunk_ghost_grave
D:5:      layout_basic, serial_shops, nicolae_shop_hallway_plus,
          minmay_hollow_rounded_squares
D:6:      cheibrodos_thug_alley, layout_rooms,
          minmay_temple_entry_statues_fountains, serial_curves, eino_curves_04,
          eino_curves_03
D:7:      layout_loops_ring, serial_bayou_pond_e, hangedman_feature_mirror,
          sigmund_army
D:8:      layout_layer_cave
D:9:      layout_small_grid, nicolae_shop_sticking_my_neck_out
D:10:     layout_basic, tso_metal_star, lair_entry_dummy, uniq_erica,
          uniq_joseph, uniq_maggie
D:11:     cheibrodos_histonic, layout_basic, gammafunk_ghost_berserking_beasts,
          serial_shops, nicolae_stop_n_shop_1, serial_bayou_ford_a,
          ldierk_geyser, chequers_serial_rivers_small_b,
          hangedman_decor_opposing
D:12:     layout_irregular_city, hiddenorc1_lemuel, ebering_ghost_rock_garden,
          hangedman_feature_mirror, uniq_urug
D:13:     layout_loops_ring, gauntlet_entry_generic, david_defended_altar_orc
D:14:     layout_rooms, grunt_vaults_entry_tiered, serial_ice, serial_ice_a,
          serial_ice_o, serial_ice_l, serial_ice_g, serial_ice_h, serial_ice_f,
          serial_ice_e, serial_ice_b, serial_ice_d, serial_ice_m,
          dk_noncrumbling_3, uniq_kirke, uniq_louise
D:15:     grunt_enter_depths_hoard, layout_cross, serial_bayou_shore_b
Lair:1:   layout_loops_ring, minivault_24, nicolae_quartered_pool_super
Lair:2:   layout_cave_pods, minmay_swamp_entry_wisps, minmay_hedge_maze
Lair:3:   layout_cave_pods, spider_nest_entry_web_field,
          gammafunk_ghost_abyssal_escape, uniq_fannar, uniq_josephine
Lair:4:   layout_layer_cave, roderic_batcave, cheibrodos_lair_lostbears,
          uniq_nessos
Lair:5:   minmay_lair_end_enchanted_forest, layout_misc_corridors,
          slime_entry_2, st_stairs_8, minmay_lair_drake_nest,
          serial_bayou_shore_b
Swamp:1:  nicolae_swamp_secret_spriggan_hideout, layout_basic_swamp,
          hangedman_swamp_blocks, swamp_pool3, uniq_roxanne
Swamp:2:  layout_basic_swamp, evilmike_swamp_ruin_house_6, swamp_pool4
Swamp:3:  layout_basic_swamp, gammafunk_ghost_necromancy, serial_swamp_ruin,
          evilmike_swamp_ruin_rubble_2, evilmike_swamp_ruin_house_3,
          evilmike_swamp_ruin_house_4, swamp_pool1
Swamp:4:  swamp_fiery, layout_basic_swamp, infiniplex_staircase_pool
Spider:1: nicolae_spider_hilbert_zone_3 [nicolae_spider_hilbert_4_sides_2_open,
          nicolae_spider_hilbert_3_sides_1_open,
          nicolae_spider_hilbert_3_sides_1_open,
          nicolae_spider_hilbert_3_sides_1_open,
          nicolae_spider_hilbert_3_sides_1_open,
          nicolae_spider_hilbert_4_sides_1_open,
          nicolae_spider_hilbert_4_sides_1_open,
          nicolae_spider_hilbert_4_sides_1_open,
          nicolae_spider_hilbert_4_sides_1_open,
          nicolae_spider_hilbert_4_sides_1_open,
          nicolae_spider_hilbert_4_sides_1_open,
          nicolae_spider_hilbert_4_sides_1_open,
          nicolae_spider_hilbert_4_sides_1_open,
          nicolae_spider_hilbert_3_sides_1_open,
          nicolae_spider_hilbert_3_sides_1_open,
          nicolae_spider_hilbert_3_sides_1_open,
          nicolae_spider_hilbert_3_sides_1_open], nicolae_spider_swamp_cousins,
          uniq_agnes
Orc:1:    layout_diamond_mine, uniq_gastronok
Orc:2:    st_orc_rangers, layout_caves, basic_altar, bh_open_orc_temple
Elf:1:    layout_geoelf_diagonals, ebering_ghost_rock_garden, serial_shops,
          shop, kennysheep_underground_church, minmay_shoptagon,
          grunt_megastairs_3
Elf:2:    nicolae_elf_blades_crystal_corner, layout_loops_corners,
          portal_ice_cave_entry_ice_simulacra, palyth_stone_intersect
Elf:3:    minmay_elf_hall_not_hex, layout_loops_cross

Skill      XL: |  1  2  3  4  5  6  7  8  9 10 11 12 13 14 15 16 17 18 |
---------------+-------------------------------------------------------+-----
Conjurations   | 5 6 7 8 10 12 13 15 16 17 18 19 20 | 20.7
Spellcasting   | 4 5 7 8 10 11 13 14 16 17 19 20 | 20.0
Hexes          | 1 2 3 5 |  5.0
Translocations | 1 2 4 5 |  5.0
Ice Magic      | 1 4 5 7 10 | 10.0
Air Magic      | 1 4 5 |  5.0
Dodging        | 4 7 10 12 13 15 | 15.6
Fighting       | 2 4 6 8 9 11 | 11.1
Fire Magic     | 2 10 11 | 11.2
Earth Magic    | 4 5 |  5.9
Stealth        | |  2.4

Action                     |  1- 3 |  4- 6 |  7- 9 | 10-12 | 13-15 | 16-18 || total
---------------------------+-------+-------+-------+-------+-------+-------++-------
  Melee: Short sword       |     4 |     8 |    16 |       |       |       ||    28
         Staff             |       |       |     3 |     4 |    14 |    10 ||    31
   Cast: Magic Dart        |    59 |    65 |    99 |    40 |    56 |       ||   319
         Searing Ray       |     1 |     8 |    21 |     3 |     1 |       ||    34
         Fulminant Prism   |       |     3 |    22 |    22 |    12 |     3 ||    62
         Iskenderun's Myst |       |     1 |    36 |    66 |   107 |    87 ||   297
         Freezing Cloud    |       |       |     1 |   171 |   198 |    19 ||   389
         Iskenderun's Batt |       |       |       |     6 |    20 |       ||    26
         Fireball          |       |       |       |       |   184 |   380 ||   564
         Orb of Destructio |       |       |       |       |     4 |     7 ||    11
         Ignition          |       |       |       |       |       |    26 ||    26
    Use: Scroll            |     2 |     4 |     7 |     7 |    12 |     9 ||    41
         Potion            |       |       |     1 |     1 |       |     1 ||     3
 Armour: Robe              |       |       |     5 |       |     8 |    18 ||    31
         Skin              |       |       |     1 |     1 |       |       ||     2
         Steam dragon scal |       |       |       |    11 |    21 |       ||    32
  Dodge: Dodged            |     6 |     4 |    31 |    30 |    82 |    57 ||   210
  Block: Other             |       |     5 |     6 |    11 |    22 |       ||    44
         Reflection        |       |     3 |       |     5 |     5 |       ||    13

Table legend: (Time is in decaauts)
 A = Elapsed time spent in this place.
 B = Non-inter-level travel time spent in this place.
 C = Inter-level travel time spent in this place.
 D = Time resting spent in this place.
 E = Time spent auto-exploring this place.
 F = Levels seen in this place.
 G = Mean time per level.
                   A        B        C        D        E       F      G
               +--------+--------+--------+--------+--------+-----+--------+
         Total |  42485 |  40340 |   2145 |   6715 |  28632 |  31 | 1370.5 |
       Dungeon |  20038 |  19376 |    662 |   2727 |  14402 |  15 | 1335.9 |
          Lair |   7873 |   7377 |    496 |    668 |   5820 |   5 | 1574.6 |
         Swamp |   4666 |   4125 |    541 |   1082 |   2645 |   4 | 1166.5 |
   Spider Nest |     94 |     84 |     10 |      0 |     39 |   1 |   94.0 |
  Orcish Mines |   4394 |   4191 |    203 |   1282 |   2199 |   2 | 2197.0 |
   Elven Halls |   5299 |   5069 |    230 |    880 |   3524 |   3 | 1766.3 |
      Ice Cave |    118 |    118 |      0 |     76 |      0 |   1 |  118.0 |
               +--------+--------+--------+--------+--------+-----+--------+

Top non-repeatable levels by time:
   Orc:2: 3021 daAuts
    D:11: 2214 daAuts
    D:12: 2156 daAuts
 Swamp:3: 2039 daAuts
   Elf:3: 1812 daAuts
  Lair:4: 1793 daAuts
  Lair:3: 1787 daAuts
   Elf:2: 1744 daAuts
  Lair:5: 1742 daAuts
   Elf:1: 1742 daAuts
     D:8: 1604 daAuts
     D:5: 1579 daAuts
    D:10: 1494 daAuts
     D:9: 1440 daAuts
  Lair:2: 1393 daAuts

Table legend:
 A = Kills in this place as a percentage of kills in entire the game.
 B = Kills by you in this place as a percentage of kills by you in the entire game.
 C = Kills by friends in this place as a percentage of kills by friends in the entire game.
 D = Other kills in this place as a percentage of other kills in the entire game.
 E = Experience gained in this place as a percentage of experience gained in the entire game.
 F = Experience gained in this place divided by the number of levels of this place that you have seen.
                   A       B       C       D       E      F
               +-------+-------+-------+-------+-------+----------------------
         Total | 100.0 | 100.0 |   N/A | 100.0 | 100.0 | 10635.7
       Dungeon |  39.2 |  39.3 |   N/A |   0.0 |  22.2 | 4880.9
          Lair |  17.3 |  17.3 |   N/A |   0.0 |  14.8 | 9742.8
         Swamp |  12.7 |  12.6 |   N/A |  50.0 |  20.1 | 16534.8
   Spider Nest |   3.4 |   3.4 |   N/A |   0.0 |   4.0 | 13334.0
  Orcish Mines |  12.6 |  12.6 |   N/A |   0.0 |   6.1 | 10041.5
   Elven Halls |  14.0 |  13.9 |   N/A |  50.0 |  31.9 | 35113.0
      Ice Cave |   0.8 |   0.8 |   N/A |   0.0 |   0.9 | 2885.0
               +-------+-------+-------+-------+-------+----------------------
